 Dungeon Crawl Stone Soup version 0.18-a0-1071-g9f02aef (webtiles) character file.

178 MrRokkomies the Skirmisher (level 5, -6/59 HPs)
             Began as an Ogre Skald on Jan 14, 2016.
             Was a Follower of Dithmenos.
             Mangled by an ogre
             ... wielding a +0 giant club
              (26 damage)
             ... on level 3 of the Dungeon.
             The game lasted 00:07:50 (3994 turns).

MrRokkomies the Skirmisher (Ogre Skald)             Turns: 3994, Time: 00:07:50

Health: -6/59      AC:  3    Str: 17    XL:     5   Next: 58%
Magic:  2/8        EV:  9    Int: 12    God:    Dithmenos [*.....]
Gold:   136        SH:  0    Dex:  9    Spells: 3 memorised, 2 levels left

rFire  . . .     SeeInvis .     a - +1 mace
rCold  . . .     Gourm    .     b - +0 robe
rNeg   . . .     Faith    .     (no shield)
rPois  .         Spirit   .     (helmet restricted)
rElec  .         Dismiss  .     (no cloak)
rCorr  .         Reflect  .     (gloves unavailable)
SustAt .         Harm     .     (boots unavailable)
MR     +....                    (no amulet)
Stlth  +.........               (no ring)
                                j - ring of protection from magic

@: shrouded (expiring), infused, wreathed by umbra, somewhat resistant to
hostile enchantments, very unstealthy
A: unfitting armour, tough skin 1
a: Renounce Religion


You were on level 3 of the Dungeon.
You worshipped Dithmenos.
Dithmenos was aware of your devotion.
You were hungry.

You visited 1 branch of the dungeon, and saw 4 of its levels.

You collected 136 gold pieces.

Inventory:

Hand Weapons
 a - a +1 mace (weapon)
Missiles
 e - 211 stones
 n - 4 tomahawks (quivered)
Armour
 b - a +0 robe (worn)
Jewellery
 j - a ring of protection from magic (left hand)
Scrolls
 q - a scroll of remove curse
Potions
 g - a potion of brilliance
 i - 2 potions of curing
 m - a potion of flight
Books
 c - a book of Battle

   Spells                             Type                      Level
   a - Infusion                       Charms                       1
   b - Shroud of Golubria             Charms/Translocation         2
   c - Song of Slaying                Charms                       2
   d - Spectral Weapon                Hexes/Charms                 3
   e - Regeneration                   Charms/Necromancy            3
 f - a Fen Folio

   Spells                             Type                      Level
   a - Corpse Rot                     Necromancy                   2
   b - Stone Arrow                    Conjuration/Earth            3
   c - Leda's Liquefaction            Hexes/Earth                  4
   d - Summon Forest                  Summoning/Translocation      5
   e - Hydra Form                     Transmutation                6
   f - Summon Hydra                   Summoning                    7
Comestibles
 d - 3 bread rations
 h - a beef jerky
 k - a meat ration


   Skills:
 * Level 6.1 Fighting
 * Level 4.9 Maces & Flails
 - Level 1.3 Dodging
 - Level 2.4 Spellcasting
 - Level 2.1 Charms


You had 2 spell levels left.
You knew the following spells:

 Your Spells              Type           Power        Failure   Level  Hunger
a - Infusion              Chrm           #.....       12%         1    ##.....
b - Shroud of Golubria    Chrm/Tloc      #.........   28%         2    ###....
c - Spectral Weapon       Hex/Chrm       #.......     56%         3    ####...


Dungeon Overview and Level Annotations

Branches:
Dungeon (4/15)
 Temple: D:4-7

Altars:
Ashenzari
Cheibriados
Dithmenos
Gozag
Kikubaaqudgha
Makhleb
Nemelex Xobeh
Trog
Xom
Yredelemnul

Annotations:
D:2 Sigmund


Innate Abilities, Weirdness & Mutations

You are too large for most types of armour.
You have tough skin (AC +1).


Message History

The ogre is lightly wounded.
You thump the ogre!
The ogre is moderately wounded.
The ogre barely misses you.
Casting: Shroud of Golubria
Confirm with . or Enter, or press ? or * to list all spells.
Space distorts slightly along a thin shroud covering your body.
The ogre barely misses you.
Casting: Shroud of Golubria
Confirm with . or Enter, or press ? or * to list all spells.
You begin infusing your attacks with magical energy.
The ogre closely misses you.
You hit the ogre.
The ogre is heavily wounded.
The ogre barely misses you.
You hit the ogre.
The ogre is severely wounded.
Your shroud begins to fray at the edges.
The ogre hits you with a giant club!!
You die...

#.####.# ###...#########.#....
..####.## #...# ###...._.
........# #...#######........
#.#.##..#######..................
#.#.##..##..)...........#.#._.)⌠.
..........................#..†...
#.#.†##.##.<............###.._...
........#######.........###...._.
#.....### #.@.÷÷.............
......# #O.(####.####.#####
#.#...# #...####.###..## #.#...#
#.....##.#.....# #.....#
##.##.##.#.#.#.# ###.#.####
#.##.##<#.#.#.#### ###......#
#.......#.#....... .........##
###.......###.#### ###.......##
#..###..###.#


You could see an ogre.

Vanquished Creatures
  A hound (D:4)
  An orc wizard (D:4)
  Jessica (D:3)
  2 adders (D:3)
  2 worms
  4 giant geckos
  6 orcs
  5 bats
  3 giant cockroaches
  3 goblins
  6 hobgoblins
  2 ball pythons
  2 giant newts
  17 kobolds
  8 rats
63 creatures vanquished.

Vanquished Creatures (others)
  An orc (D:3)
  A rat (D:3)
  A plant (D:1)
3 creatures vanquished.

Grand Total: 66 creatures vanquished

Notes
Turn   | Place    | Note
--------------------------------------------------------------
     0 | D:1      | MrRokkomies the Ogre Skald began the quest for the Orb.
     0 | D:1      | Reached XP level 1. HP: 22/22 MP: 3/3
    64 | D:1      | Reached skill level 3 in Fighting
   367 | D:1      | Reached XP level 2. HP: 4/32 MP: 5/5
   802 | D:1      | Reached skill level 4 in Fighting
  1774 | D:2      | Reached XP level 3. HP: 33/40 MP: 6/6
  1870 | D:2      | Noticed Sigmund
  1880 | D:3      | Noticed Jessica
  1893 | D:3      | HP: 2/40 [Jessica/club (4)]
  1895 | D:3      | Killed Jessica
  1895 | D:3      | Reached skill level 5 in Fighting
  1895 | D:3      | Reached XP level 4. HP: 2/50 MP: 2/7
  1956 | D:3      | Learned a level 2 spell: Shroud of Golubria
  1960 | D:3      | Learned a level 3 spell: Spectral Weapon
  2363 | D:3      | Found a sparkling altar of Nemelex Xobeh.
  2363 | D:3      | Found a shimmering altar of Xom.
  2365 | D:3      | Found a shadowy altar of Dithmenos.
  2365 | D:3      | Found a basalt altar of Yredelemnul.
  2365 | D:3      | Found a shattered altar of Ashenzari.
  2365 | D:3      | Found a snail-covered altar of Cheibriados.
  2366 | D:3      | Found an ancient bone altar of Kikubaaqudgha.
  2385 | D:3      | Became a worshipper of Dithmenos the Shadowed
  2461 | D:3      | Found a shadowy altar of Dithmenos.
  3310 | D:4      | Noticed an ogre
  3347 | D:4      | Noticed a phantom
  3428 | D:4      | Reached XP level 5. HP: 34/59 MP: 8/8
  3627 | D:4      | Found an opulent altar of Gozag.
  3630 | D:4      | Found a burning altar of Makhleb.
  3650 | D:4      | Found a bloodstained altar of Trog.
  3782 | D:4      | Reached * piety under Dithmenos
  3782 | D:4      | Reached skill level 6 in Fighting
  3994 | D:3      | Mangled by an ogre

Vault maps used:
D:1:      dpeg_arrival_sounds_slurp, lexackson_kobold_supper
D:2:      lemuel_blue_sif_altar, uniq_sigmund, uniq_terence
D:3:      grunt_temple_overflow_open, nicolae_dithmenos_shadow_blocks,
          uniq_jessica
D:4:      minitemple, minmay_temple_entry_overgrown, trog_hazing_becter

Action                   |  1- 3 |  4- 6 || total
-------------------------+-------+-------++-------
Melee: Mace              |    87 |   178 ||   265
Throw: Stone             |       |     8 ||     8
       Tomahawk          |       |     4 ||     4
       Throwing net      |       |     1 ||     1
 Cast: Infusion          |     1 |     1 ||     2
       Shroud of Golubri |       |     4 ||     4
  Use: Scroll            |     5 |     6 ||    11
       Potion            |     1 |       ||     1
 Stab: Invisible         |     2 |       ||     2
  Eat: Chunk             |     3 |     7 ||    10
